 Dungeon Crawl Stone Soup version 0.18-a0-1471-gbbaf034 (webtiles) character file.

205 Duskembrace the Sneak (level 5, 0/31 HPs)
             Began as an Octopode Enchanter on Mar 2, 2016.
             Was a Follower of Dithmenos.
             Slain by a worm (5 damage)
             ... on level 3 of the Dungeon.
             The game lasted 00:09:18 (4257 turns).

Duskembrace the Sneak (Octopode Enchanter)          Turns: 4257, Time: 00:09:18

Health: 0/31       AC:  1    Str:  6 (7)  XL:     5   Next: 83%
Magic:  4/8        EV: 12    Int: 15 (18) God:    Dithmenos [*.....]
Gold:   127        SH:  0    Dex: 10 (13) Spells: 3 memorised, 2 levels left

rFire  . . .     SeeInvis .     a - +1 dagger
rCold  . . .     Gourm    .     (no shield)
rNeg   . . .     Faith    .     (helmet restricted)
rPois  .         Spirit   .     (no amulet)
rElec  .         Dismiss  .     (no ring)
rCorr  .         Reflect  .     (no ring)
SustAt .         Harm     .     (no ring)
MR     .....                    (no ring)
Stlth  +++++.....               (no ring)
                                (no ring)
                                (no ring)
                                (no ring)

@: wreathed by umbra, not resistant to hostile enchantments, quite stealthy
A: almost no armour, amphibious, 8 rings, constrict 8, camouflage 1, gelatinous
body 1
a: Renounce Religion


You were on level 3 of the Dungeon.
You worshipped Dithmenos.
Dithmenos was aware of your devotion.
You were not hungry.

You visited 1 branch of the dungeon, and saw 3 of its levels.

You collected 127 gold pieces.

Inventory:

Hand Weapons
 a - a +1 dagger (weapon)
Missiles
 j - 5 tomahawks (quivered)
 k - 6 curare-tipped needles
Scrolls
 d - a scroll of random uselessness {unknown}
 g - 2 scrolls of identify {unknown}
 h - a scroll of noise {unknown}
 m - a scroll of teleportation {unknown}
Potions
 e - a potion of brilliance {unknown}
 i - a potion of degeneration
Books
 b - a book of Maledictions

   Spells                             Type                      Level
   a - Corona                         Hexes                        1
   b - Ensorcelled Hibernation        Hexes/Ice                    2
   c - Confuse                        Hexes                        3
   d - Tukima's Dance                 Hexes                        3
   e - Dazzling Spray                 Conjuration/Hexes            3
Comestibles
 c - a bread ration
 f - 3 fruits
 l - a meat ration


   Skills:
 - Level 2.0 Short Blades
 - Level 2.0 Dodging
 + Level 6.0 Stealth
 - Level 2.0 Spellcasting
 * Level 5.1 Hexes


You had 2 spell levels left.
You knew the following spells:

 Your Spells              Type           Power        Failure   Level  Hunger
a - Corona                Hex            ###....      2%          1    #......
b - Ensorcelled Hibernat  Hex/Ice        #.....       12%         2    ###....
c - Confuse               Hex            ###.....     10%         3    ###....


Dungeon Overview and Level Annotations

Branches:
Dungeon (3/15)

Altars:
Dithmenos
The Shining One


Innate Abilities, Weirdness & Mutations

You cannot wear most types of armour.
You are amphibious.
You can wear up to eight rings at the same time.
You can use your tentacles to constrict eight enemies at once.
Your skin changes colour to match your surroundings (Stealth).
Your rubbery body absorbs attacks (AC +1).


Message History

You hit the orc priest but do no damage.
The orc priest is moderately wounded.
You constrict the orc priest. The orc priest misses you.
You hit the orc priest but do no damage.
The orc priest is moderately wounded.
You constrict the orc priest. The worm bites you.
* * * LOW HITPOINT WARNING * * *
You hit the orc priest. You squeeze the orc priest!
The orc priest is almost dead.
You constrict the orc priest.
You kill the orc priest!
Dithmenos accepts your kill.
Your Stealth skill increases to level 6!
Your Hexes skill increases to level 5!
Drink which item? (? for menu, Esc to quit)
It was a potion of degeneration.
There was something very wrong with that liquid.
You feel weakened.
You feel dopey.
You feel clumsy. The worm bites you.
You die...

#####.# #.## ... ..##.#
#... #.# #.##.# #### (.#
#.##.###### ..#
#.......... #.#
####......#### #.#
#............. ## # #)#
#.##......###.
#..##.#@###.##......# #.
......#w##.#.#.########.
#....s..###..# ####..
#_#.....## ##......##.รท
#...#.#.# .#####.##..
.....(#.##.# # ####.##>.
##....#.# #.. ....##..
#.## #.# ### #..##.. #.
..# #..##(.


You could see a worm and a giant cockroach.

Vanquished Creatures
  An orc priest (D:3)
  A worker ant (D:3)
  5 adders
  2 oozes
  A worm (D:2)
  A dart slug (D:2)
  4 giant geckos
  8 orcs (D:3)
  2 ball pythons
  9 bats
  6 giant cockroaches
  5 goblins
  13 hobgoblins
  3 jackals (D:3)
  A quokka (D:3)
  3 giant newts
  5 kobolds
  9 rats
79 creatures vanquished.

Vanquished Creatures (others)
  4 toadstools (D:1)
4 creatures vanquished.

Grand Total: 83 creatures vanquished

Notes
Turn   | Place    | Note
--------------------------------------------------------------
     0 | D:1      | Duskembrace the Octopode Enchanter began the quest for the Orb.
     0 | D:1      | Reached XP level 1. HP: 11/11 MP: 3/3
   168 | D:1      | Reached XP level 2. HP: 6/17 MP: 5/5
   172 | D:1      | Learned a level 2 spell: Ensorcelled Hibernation
  1228 | D:2      | Reached XP level 3. HP: 21/21 MP: 6/6
  1247 | D:2      | Learned a level 3 spell: Confuse
  2066 | D:2      | Found a glowing golden altar of the Shining One.
  2210 | D:2      | Found a shadowy altar of Dithmenos.
  2227 | D:2      | Became a worshipper of Dithmenos the Shadowed
  2309 | D:2      | Reached XP level 4. HP: 27/27 MP: 7/7
  3004 | D:2      | Reached skill level 5 in Stealth
  3397 | D:3      | Reached * piety under Dithmenos
  3480 | D:3      | Reached XP level 5. HP: 11/31 MP: 6/8
  4243 | D:3      | Found a faded altar to an unknown god.
  4256 | D:3      | Reached skill level 6 in Stealth
  4256 | D:3      | Reached skill level 5 in Hexes
  4257 | D:3      | Slain by a worm

Vault maps used:
D:1:      ldierk_walled_garden_2
D:2:      marbit_many_paths, nicolae_dithmenos_through_a_glass_darkly
D:3:      ecumenical_altar_1, grunt_qazlal_clouds

Skill      XL: |  1  2  3  4  5 |
---------------+----------------+-----
Hexes          | 4 5 |  5.1
Short Blades   | 2 |  2.0
Stealth        | 5 6 |  6.0
Dodging        | |  2.0
Spellcasting   | |  2.0

Action                   |  1- 3 |  4- 6 || total
-------------------------+-------+-------++-------
Melee: Dagger            |    79 |    87 ||   166
 Cast: Corona            |     4 |     1 ||     5
       Ensorcelled Hiber |     4 |    18 ||    22
       Confuse           |       |     2 ||     2
  Use: Potion            |       |     1 ||     1
 Stab: Sleeping          |    13 |    19 ||    32
       Distracted        |       |     3 ||     3
  Eat: Chunk             |     5 |     4 ||     9
       Beef jerky        |       |     1 ||     1
       Pizza             |       |     1 ||     1
